NCAA
SOUTH FLORIDA BULLS @ KANSAS STATE WILDCATS
04/08/2030
 
TOP OF THE 1ST
South Florida Bulls batting - Pitching for Kansas State Wildcats : LHP Steve Thompson
Pitching: LHP Steve Thompson
Batting: RHB Brian Jones 0-0: Foul Ball, location: 2F
0-1: Ball
1-1: Ball
2-1: Foul Ball, location: 2F
2-2: Ground out 5-3 (Groundball, 56)
Batting: RHB Brian Lovell 0-0: Called Strike
0-1: Called Strike
0-2: Reached on error, E5 (Groundball, 56)
Batting: RHB Keith Olson 0-0: Ball
1-0: Called Strike
1-1: Called Strike
1-2: Foul Ball, location: 2F
1-2: Foul Ball, location: 2F
1-2: Foul Ball, location: 2F
1-2: Fly out, F8 (Flyball, 8LD)
Runner from 2nd tags up, SAFE at 3rd with throw
Batting: RHB Javier Gómez 0-0: Fly out, F7 (Flyball, 7D)
Top of the 1st over - 0 runs, 0 hits, 1 error, 1 left on base; South Florida 0 - Kansas State 0
BOTTOM OF THE 1ST
Kansas State Wildcats batting - Pitching for South Florida Bulls : RHP Shawn Miller
Pitching: RHP Shawn Miller
Batting: RHB Tony Klein 0-0: Ball
1-0: DOUBLE (Groundball, 5L)
Batting: RHB Ben McKenzie 0-0: Called Strike
0-1: Ball
1-1: SINGLE (Line Drive, 9LS)
Tony Klein to third
Runner from 3rd tries for Home, SAFE, throw made home
Ben McKenzie to second
Batting: RHB Fred Smith 0-0: Foul Ball, location: 2F
0-1: Ball
1-1: Ball
2-1: Swinging Strike
2-2: Strikes out swinging
Batting: RHB Jody Stewart 0-0: Ball
1-0: Ball
2-0: Foul Ball, location: 2F
2-1: Ball
3-1: Foul Ball, location: 2F
3-2: Foul Ball, location: 2F
3-2: Foul Ball, location: 2F
3-2: SINGLE (Groundball, 4D)
Ben McKenzie to third
Runner from 3rd tries for Home, SAFE, throw made home
Pitching: RHP William Jones
Batting: SHB Larry Edwards 0-0: Swinging Strike
0-1: Ball
1-1: Ball
2-1: Called Strike
2-2: Strikes out swinging
Batting: RHB Richard Mitchell 0-0: Ball
1-0: Called Strike
1-1: SINGLE (Flyball, 78M)
Jody Stewart to second
Batting: RHB Don Prince 0-0: Ball
1-0: Called Strike
1-1: Ball
2-1: Ball
3-1: Foul Ball, location: 2F
3-2: Foul Ball, location: 2F
3-2: Foul Ball, location: 2F
3-2: Foul Ball, location: 2F
3-2: Foul Ball, location: 2F
3-2: Base on Balls
Jody Stewart to third
Richard Mitchell to second
Batting: LHB Tom Edwards 0-0: Called Strike
0-1: Ball
1-1: Ball
2-1: Ball
3-1: Ground out 1-3 (Groundball, 13S)
Bottom of the 1st over - 2 runs, 4 hits, 0 errors, 3 left on base; South Florida 0 - Kansas State 2
TOP OF THE 2ND
South Florida Bulls batting - Pitching for Kansas State Wildcats : LHP Steve Thompson
Batting: RHB Jon Hinton 0-0: Swinging Strike
0-1: Swinging Strike
0-2: Strikes out swinging
Batting: RHB José Ramírez 0-0: Called Strike
0-1: Ball
1-1: Ground out 4-3 (Groundball, 4)
Batting: RHB Coy Walsh 0-0: Ball
1-0: Called Strike
1-1: Ball
2-1: Fly out, F8 (Flyball, 8RM)
Top of the 2nd over - 0 runs, 0 hits, 0 errors, 0 left on base; South Florida 0 - Kansas State 2
BOTTOM OF THE 2ND
Kansas State Wildcats batting - Pitching for South Florida Bulls : RHP William Jones
Batting: RHB Mario Ramírez 0-0: Foul Ball, location: 2F
0-1: Ball
1-1: Foul Ball, location: 2F
1-2: SINGLE (Groundball, 6S) (infield hit)
Batting: RHB Tony Klein 0-0: Ball
1-0: SINGLE (Line Drive, 34)
Mario Ramírez to second
Batting: RHB Ben McKenzie 0-0: Ball
1-0: Fly out, F6 (Popup, P)
Batting: RHB Fred Smith 0-0: Called Strike
0-1: Hit by Pitch
Mario Ramírez to third
Tony Klein to second
Batting: RHB Jody Stewart 0-0: Foul Ball, location: 2F
0-1: Ball
1-1: Ball
2-1: Foul Ball, location: 2F
2-2: Ball
3-2: Foul Ball, location: 2F
3-2: Ground out 6-3 (Groundball, 4MS)
Mario Ramírez scores
Tony Klein to third
Fred Smith to second
Batting: SHB Larry Edwards 0-0: Ground out 3-1 (Groundball, 34S)
Bottom of the 2nd over - 1 run, 2 hits, 0 errors, 2 left on base; South Florida 0 - Kansas State 3
TOP OF THE 3RD
South Florida Bulls batting - Pitching for Kansas State Wildcats : LHP Steve Thompson
Batting: LHB Ramiro Valdés 0-0: Called Strike
0-1: Ball
1-1: Swinging Strike
1-2: Foul Ball, location: 2F
1-2: Fly out, F8 (Flyball, 8LD)
Batting: RHB Walt Miller 0-0: Ground out 5-3 (Groundball, 5L)
Batting: RHB Brian Jones 0-0: Ball
1-0: Ball
2-0: Called Strike
2-1: Swinging Strike
2-2: Strikes out swinging
Top of the 3rd over - 0 runs, 0 hits, 0 errors, 0 left on base; South Florida 0 - Kansas State 3
BOTTOM OF THE 3RD
Kansas State Wildcats batting - Pitching for South Florida Bulls : RHP William Jones
Batting: RHB Richard Mitchell 0-0: Called Strike
0-1: Ball
1-1: Foul Ball, location: 2F
1-2: SINGLE (Flyball, 9S)
Batting: RHB Don Prince 0-0: Ball
1-0: Foul Ball, location: 2F
1-1: SINGLE (Line Drive, 9S)
Richard Mitchell to second
Batting: LHB Tom Edwards 0-0: Swinging Strike
0-1: Fielders Choice at 2nd, 6-4 (Groundball, 6)
Richard Mitchell to third
Batting: RHB Mario Ramírez 0-0: Ball
Wild Pitch!
Richard Mitchell scores
Tom Edwards to second
1-0: Ball
2-0: Ball
3-0: Base on Balls
Batting: RHB Tony Klein 0-0: Ball
1-0: SINGLE (Line Drive, 34)
Tom Edwards to third
Mario Ramírez to second
Runner from 3rd tries for Home, SAFE, throw made home
Pitching: RHP Mark Oglethorpe
Batting: RHB Ben McKenzie 0-0: Ball
1-0: Foul Ball, location: 2F
1-1: Foul Ball, location: 2F
1-2: Fly out, F9 (Flyball, 9D)
Runner from 2nd tags up, SAFE at 3rd, no throw
Batting: RHB Fred Smith 0-0: Ball
1-0: Swinging Strike
1-1: Ball
2-1: Called Strike
2-2: 3-RUN HOME RUN (Line Drive, 7D), Distance : 356 ft
Batting: RHB Jody Stewart 0-0: Ball
1-0: Fly out, F8 (Flyball, 8RS)
Bottom of the 3rd over - 5 runs, 4 hits, 0 errors, 0 left on base; South Florida 0 - Kansas State 8
TOP OF THE 4TH
South Florida Bulls batting - Pitching for Kansas State Wildcats : LHP Steve Thompson
Batting: RHB Brian Lovell 0-0: Called Strike
0-1: Ball
1-1: Ball
2-1: Ground out 6-3 (Groundball, 6)
Batting: RHB Keith Olson 0-0: Ball
1-0: Ball
2-0: Ground out 1-3 (Groundball, 15)
Batting: RHB Javier Gómez 0-0: Ball
1-0: Foul Ball, location: 2F
1-1: Foul Ball, location: 2F
1-2: Strikes out swinging
Top of the 4th over - 0 runs, 0 hits, 0 errors, 0 left on base; South Florida 0 - Kansas State 8
BOTTOM OF THE 4TH
Kansas State Wildcats batting - Pitching for South Florida Bulls : RHP Mark Oglethorpe
Batting: SHB Larry Edwards 0-0: Ball
1-0: Ground out 5-3 (Groundball, 56)
Batting: RHB Richard Mitchell 0-0: Foul Ball, location: 2F
0-1: Ground out 6-3 (Groundball, 6)
Batting: RHB Don Prince 0-0: Ball
1-0: Ball
2-0: Ball
3-0: Base on Balls
Batting: LHB Tom Edwards 0-0: Called Strike
Don Prince is caught stealing 2nd base
Bottom of the 4th over - 0 runs, 0 hits, 0 errors, 0 left on base; South Florida 0 - Kansas State 8
TOP OF THE 5TH
South Florida Bulls batting - Pitching for Kansas State Wildcats : LHP Steve Thompson
Batting: RHB Jon Hinton 0-0: Ball
1-0: Fly out, F6 (Popup, 6MD)
Batting: RHB José Ramírez 0-0: Called Strike
0-1: Swinging Strike
0-2: Foul Ball, location: 2F
0-2: Ball
1-2: Strikes out swinging
Batting: RHB Coy Walsh 0-0: Ground out 4-3 (Groundball, 4)
Top of the 5th over - 0 runs, 0 hits, 0 errors, 0 left on base; South Florida 0 - Kansas State 8
BOTTOM OF THE 5TH
Kansas State Wildcats batting - Pitching for South Florida Bulls : RHP Mark Oglethorpe
Batting: LHB Tom Edwards 0-0: Ball
1-0: Ball
2-0: Ball
3-0: Base on Balls
Batting: RHB Mario Ramírez 0-0: Foul Ball, location: 2F
Pickoff Throw to First - Error! E1
Tom Edwards to second
0-1: Swinging Strike
0-2: Strikes out looking
Batting: RHB Tony Klein 0-0: 2-RUN HOME RUN (Flyball, 78XD) (Inside the Park)
Batting: RHB Ben McKenzie 0-0: Ball
1-0: Ball
2-0: Fly out, F7 (Flyball, 7S)
Batting: RHB Fred Smith 0-0: Swinging Strike
0-1: Ball
1-1: Called Strike
1-2: Ball
2-2: Ball
3-2: Strikes out swinging
Bottom of the 5th over - 2 runs, 1 hit, 1 error, 0 left on base; South Florida 0 - Kansas State 10
TOP OF THE 6TH
South Florida Bulls batting - Pitching for Kansas State Wildcats : LHP Steve Thompson
Batting: LHB Ramiro Valdés 0-0: Ball
1-0: Ground out 5-3 (Groundball, 56)
Batting: RHB Walt Miller 0-0: Called Strike
0-1: Foul Ball, location: 2F
0-2: Ball
1-2: Strikes out swinging
Batting: RHB Brian Jones 0-0: Swinging Strike
0-1: Foul Ball, location: 2F
0-2: Strikes out swinging
Top of the 6th over - 0 runs, 0 hits, 0 errors, 0 left on base; South Florida 0 - Kansas State 10
BOTTOM OF THE 6TH
Kansas State Wildcats batting - Pitching for South Florida Bulls : RHP Mark Oglethorpe
Batting: RHB Jody Stewart 0-0: Swinging Strike
0-1: Foul Ball, location: 2F
0-2: Ground out 4-3 (Groundball, 34D)
Batting: SHB Larry Edwards 0-0: Swinging Strike
0-1: Fly out, F7 (Flyball, 7D)
Batting: RHB Richard Mitchell 0-0: Fly out, F9 (Flyball, 9D)
Bottom of the 6th over - 0 runs, 0 hits, 0 errors, 0 left on base; South Florida 0 - Kansas State 10
TOP OF THE 7TH
South Florida Bulls batting - Pitching for Kansas State Wildcats : LHP Steve Thompson
Batting: RHB Brian Lovell 0-0: Ball
1-0: Called Strike
1-1: Foul Ball, location: 2F
1-2: Strikes out swinging, 2-3 out at first.
Batting: RHB Keith Olson 0-0: Ball
1-0: Called Strike
1-1: Called Strike
1-2: Ball
2-2: Strikes out swinging
Batting: RHB Javier Gómez 0-0: Swinging Strike
0-1: Foul Ball, location: 2F
0-2: Ball
1-2: Strikes out swinging
Top of the 7th over - 0 runs, 0 hits, 0 errors, 0 left on base; South Florida 0 - Kansas State 10
BOTTOM OF THE 7TH
Kansas State Wildcats batting - Pitching for South Florida Bulls : RHP Mark Oglethorpe
Batting: RHB Don Prince 0-0: Foul Ball, location: 2F
0-1: Ball
1-1: Fly out, F5 (Line Drive, 5)
Batting: LHB Tom Edwards 0-0: Swinging Strike
0-1: Ball
1-1: Swinging Strike
1-2: Strikes out swinging
Pitching: RHP Paul Sanders
Batting: RHB Mario Ramírez 0-0: Ball
1-0: Ball
2-0: Called Strike
2-1: Fly out, F7 (Flyball, 7S)
Bottom of the 7th over - 0 runs, 0 hits, 0 errors, 0 left on base; South Florida 0 - Kansas State 10
TOP OF THE 8TH
South Florida Bulls batting - Pitching for Kansas State Wildcats : LHP Steve Thompson
Batting: RHB Jon Hinton 0-0: Ball
1-0: Ball
2-0: Foul Ball, location: 2F
2-1: Foul Ball, location: 2F
2-2: Ball
3-2: Ground out 4-3 (Groundball, 4)
Batting: RHB José Ramírez 0-0: Ground out U3 (Groundball, 34)
Batting: RHB Coy Walsh 0-0: Ball
1-0: Foul Ball, location: 2F
1-1: Ball
2-1: Called Strike
2-2: Strikes out swinging
Top of the 8th over - 0 runs, 0 hits, 0 errors, 0 left on base; South Florida 0 - Kansas State 10
BOTTOM OF THE 8TH
Kansas State Wildcats batting - Pitching for South Florida Bulls : RHP Paul Sanders
Batting: RHB Tony Klein 0-0: Called Strike
0-1: DOUBLE (Line Drive, 78XD)
Batting: RHB Ben McKenzie 0-0: Foul Ball, location: 2F
0-1: Ball
1-1: Fly out, F8 (Flyball, 8LS)
Batting: RHB Fred Smith 0-0: Ball
1-0: Ground out 5-3 (Groundball, 56S)
Tony Klein to third
Batting: RHB Jody Stewart 0-0: Called Strike
0-1: Fly out, F9 (Flyball, 89M)
Bottom of the 8th over - 0 runs, 1 hit, 0 errors, 1 left on base; South Florida 0 - Kansas State 10
TOP OF THE 9TH
South Florida Bulls batting - Pitching for Kansas State Wildcats : LHP Steve Thompson
Batting: LHB Ramiro Valdés 0-0: Ball
1-0: Called Strike
1-1: Called Strike
1-2: Strikes out swinging passed ball, reaches first!
Batting: RHB Walt Miller 0-0: Foul Ball, location: 2F
0-1: Foul Ball, location: 2F
0-2: 2-RUN HOME RUN (Line Drive, 7LD), Distance : 343 ft
Pitching: LHP Marvin Dailey
Batting: RHB Brian Jones 0-0: Ball
1-0: Fly out, F6 (Line Drive, 56)
Batting: RHB Brian Lovell 0-0: Foul Ball, location: 2F
0-1: Foul Ball, location: 2F
0-2: Ground out U3 (Groundball, 34)
Batting: RHB Keith Olson 0-0: Ball
1-0: Called Strike
1-1: SINGLE (Flyball, 78S)
Batting: RHB Javier Gómez 0-0: Ball
1-0: Foul Ball, location: 2F
1-1: Foul Ball, location: 2F
1-2: Foul Ball, location: 2F
1-2: 2-RUN HOME RUN (Flyball, 7LD), Distance : 316 ft
Batting: RHB Jon Hinton 0-0: Ball
1-0: Ball
2-0: Ball
3-0: Base on Balls
Batting: RHB José Ramírez 0-0: Ball
1-0: Fly out, F3 (Popup, 34S)
Top of the 9th over - 4 runs, 3 hits, 0 errors, 1 left on base; South Florida 4 - Kansas State 10
Saturday, April 7th, 2018 - OOTP Baseball 18.8 Build 76